 Dungeon Crawl Stone Soup version 0.30.0-15-g856e2d3f33 (webtiles) character file.

Game seed: 16046226456770127512

13279 qw the Cleaver (level 12, -8/76 HPs)
             Began as a Gargoyle Fighter on May 20, 2023.
             Was an Elder of Okawaru.
             Mangled by a death yak (18 damage)
             ... on level 3 of the Lair of Beasts.
             The game lasted 00:04:41 (10031 turns).

qw the Cleaver (Gargoyle Fighter)                  Turns: 10031, Time: 00:04:41

Health: -8/76      AC: 40    Str: 24    XL:     12   Next: 4%
Magic:  15/18      EV: 10    Int: 13    God:    Okawaru [****..]
Gold:   416        SH:  7    Dex: 15    Spells: 11/11 levels left

rFire   . . .        Y - +4 war axe (protect)
rCold   . . .        c - +0 buckler
rNeg    + . .        y - +0 plate armour
rPois   inf          j - +0 helmet
rElec   +            w - +0 cloak
rCorr   .            r - +0 pair of gloves
SInv    .            o - +0 pair of boots of Resilience {Will+ Int+3 Stlth+}
Will    +....        (no amulet) Stlth
                     a - +4 ring of slaying {mikee}
HPRegen 0.32/turn    l - +6 ring of dexterity
MPRegen 0.16/turn

%: no passive effects
@: about to teleport, heroic, under a protective aura
A: sickness immunity, AC +8, negative energy resistance 1, electricity
resistance, torment resistance 1, petrification resistance, iridescent scales 1
a: Renounce Religion, Heroism, Finesse


You were on level 3 of the Lair of Beasts.
You worshipped Okawaru.
Okawaru was greatly pleased with you.
You visited 3 branches of the dungeon, and saw 12 of its levels.
You also visited: Ossuary.

You collected 542 gold pieces.
You spent 126 gold pieces at shops.


Innate Abilities, Weirdness & Mutations

You are immune to sickness and miasma.
Your stone body is resilient. (AC +8)
You are immune to poison.
You resist negative energy. (rN+)
You are resistant to electric shocks. (rElec)
You are resistant to unholy torment.
You are immune to petrification.
You are partially covered in iridescent scales. (AC +2)


   Skills:
 - Level 9.0(14.0) Fighting
 + Level 11.7(16.7) Axes
 - Level 2.0(7.0) Throwing
 - Level 9.2(14.2) Armour
 - Level 2.4(7.4) Dodging
 - Level 5.1(10.1) Shields
 + Level 8.2 Invocations


You had 11 spell levels left.
You didn't know any spells.
Your spell library was empty.

Inventory:

Hand Weapons
 g - a +0 demon whip of venom
 Y - a +4 war axe of protection (weapon)
Missiles
 v - 5 boomerangs (quivered)
Armour
 c - a +0 buckler (worn)
 j - a +0 helmet (worn)
 o - the +0 pair of boots of Resilience (worn) {Will+ Int+3 Stlth+}
   (You found it on level 8 of the Dungeon)

   Int:       It affects your intelligence (+3).
   Will:      It increases your willpower.
   Stlth:     It makes you more stealthy.
 r - a +0 pair of gloves (worn)
 u - a +1 chain mail of cold resistance
 w - a +0 cloak (worn)
 y - a +0 plate armour (worn)
Jewellery
 a - a +4 ring of slaying (left hand) {mikee}
 l - a +6 ring of dexterity (right hand)
 m - a ring of fire
Wands
 q - a wand of digging (2)
Scrolls
 f - 7 scrolls of teleportation
 s - a scroll of magic mapping {unknown}
 z - 3 scrolls of identify
Potions
 b - a potion of lignification
 d - 3 potions of might
 e - 3 potions of cancellation
 h - 3 potions of mutation
 i - 4 potions of heal wounds
 k - 7 potions of curing
 n - a potion of haste
 p - 2 potions of attraction
 t - a potion of magic
 x - a potion of resistance
 A - 3 potions of berserk rage {unknown}

Dungeon Overview and Level Annotations

Branches:
Dungeon (8/15)             Temple (1/1) D:5            Lair (3/5) D:8
  Swamp (0/4) Lair:3        Snake (0/4) Lair:2      Ossuary (visited)

Altars:
Ashenzari
Cheibriados
Dithmenos
Elyvilon
Fedhas
Gozag
Hepliaklqana
Kikubaaqudgha
Makhleb
Nemelex Xobeh
Okawaru
Qazlal
Ru
Sif Muna
Trog
Uskayaw
Vehumet
Wu Jian
Xom
Yredelemnul
The Shining One

Shops:
D:3 *   D:6 [


Message History

The death yak gores you but does no damage.
The lindwurm bites you but does no damage.
The lindwurm closely misses you.
The lindwurm claws you but does no damage.
You slash the death yak!
The death yak is moderately wounded.
You hit the lindwurm but do no damage.
The lindwurm bites you but does no damage.
The lindwurm claws you but does no damage. x2
You block the death yak's attack.
You slice the death yak!!
The death yak is severely wounded.
You barely miss the lindwurm. You barely miss the death yak.
The death yak is severely wounded.
You barely miss the lindwurm.
The lindwurm bites you but does no damage.
The lindwurm claws you but does no damage. x2
The death yak gores you but does no damage.
You slash the death yak!
The death yak is severely wounded.
You slash the lindwurm!
The death yak gores you but does no damage.
The lindwurm closely misses you. You block the lindwurm's attack.
The lindwurm claws you but does no damage.
You hit the death yak.
The death yak is severely wounded.
You barely miss the lindwurm. You completely miss the death yak.
The death yak is severely wounded.
You barely miss the lindwurm. The lindwurm bites you.
The lindwurm barely misses you. You block the lindwurm's attack.
The death yak gores you!
10031 ||| READING 8 scrolls of teleportation.
As you read the scroll of teleportation, it crumbles to dust.
You feel strangely unstable. You block the lindwurm's attack.
The lindwurm barely misses you.
The lindwurm claws you but does no damage.
The death yak gores you!!
You die...

. #..###...... .
Y##....P.....## ## #
............. .###
#...........###..##
#............#...##
....##..........##
#Yk............# #
#@..#.......#..###
##.#.#........+##.
..##...##............
.........%.............
#P....#.######.###P##..
######### ### #####P ##


You could see a death yak and a lindwurm.

Vanquished Creatures
  A hydra (Lair:2)
  3 death yaks (Lair:3)
  A skyshark (Lair:2)
  Amaemon (Lair:1)
  Maurice (D:8)
  A torpor snail (Lair:1)
  An orange demon (Lair:1)
  A black mamba (Lair:1)
  A cane toad (Lair:1)
  4 komodo dragons
  Maggie (Lair:2)
  3 polar bears
  5 blink frogs (Lair:1)
  2 wraiths (Ossuary)
  6 yaks (Lair:1)
  Sigmund (D:2)
  A steam dragon (D:7)
  Menkaure (D:6)
  5 nagas (Lair:2)
  An acid dragon (D:6)
  3 water moccasins
  An ice beast (D:8)
  3 orc warriors
  A sky beast (D:7)
  3 black bears
  An ogre (D:6)
  A centaur (D:7)
  5 bullfrogs
  3 scorpions
  3 wights (Ossuary)
  11 killer bees
  An electric eel (Lair:2)
  4 hounds
  2 orc priests
  4 iguanas
  A jelly (D:6)
  A sleepcap (D:3)
  Terence (D:2)
  2 hell rats (Lair:2)
  8 orc wizards
  A mummy (D:7)
  9 adders
  4 gnolls (D:2)
  8 river rats (Lair:2)
  3 white imps
  3 ufetubi
  2 worms (D:2)
  2 dart slugs (D:4)
  23 orcs
  2 bats
  7 endoplasms
  3 giant cockroaches
  11 goblins
  11 hobgoblins
  5 quokkas
  6 ball pythons
  5 hobgoblin skeletons (Ossuary)
  2 hobgoblin zombies (Ossuary)
  7 kobolds
  2 kobold zombies (Ossuary)
  13 rats
229 creatures vanquished.

Notes
Turn   | Place    | Note
-------+----------+-------------------------------------------
     0 | D:1      | qw the Gargoyle Fighter began the quest for the Orb.
     0 | D:1      | Reached XP level 1. HP: 14/14 MP: 1/1
     0 | D:1      | 0 ||| qw: Version: 0.2-a-97-g6b18286
     0 | D:1      | 0 ||| qw: Game counter: 20
     0 | D:1      | 0 ||| qw: Always use a shield: true
     0 | D:1      | 0 ||| qw: God list: Okawaru
     0 | D:1      | 0 ||| qw: Allow faded altars: false
     0 | D:1      | 0 ||| qw: Do Orc after D:15 true
     0 | D:1      | 0 ||| qw: Do second Lair branch before Depths: true
     0 | D:1      | 0 ||| qw: Lair rune preference: random
     0 | D:1      | 0 ||| qw: Plans: Normal, Zot:1-4, God:TSO, Crypt, Tomb,
                  | Pan, Slime:5, Hells, Abyss, Win
     0 | D:1      | 0 ||| PLANNING D:1-11
    55 | D:1      | Reached skill level 2 in Axes
   134 | D:1      | Reached XP level 2. HP: 19/19 MP: 2/2
   239 | D:1      | 239 ||| Stepping ~*~*~tactically~*~*~ (hiding).
   478 | D:1      | 478 ||| Stepping ~*~*~tactically~*~*~ (stealth).
   503 | D:1      | Reached skill level 3 in Axes
   565 | D:1      | 565 ||| Stepping ~*~*~tactically~*~*~ (stealth).
   567 | D:1      | 567 ||| Stepping ~*~*~tactically~*~*~ (stealth).
   573 | D:1      | Reached XP level 3. HP: 23/23 MP: 3/3
   970 | D:1      | 970 ||| UPGRADING to +0 helmet.
   975 | D:1      | 975 ||| READING 2 scrolls labelled KOIBLE XUEXESS.
   976 | D:1      | 976 ||| READING scroll of enchant weapon.
   976 | D:1      | 976 ||| ENCHANTING +1 war axe.
   977 | D:1      | 977 ||| READING 2 scrolls labelled HUKODU LUCIP RUCW.
   981 | D:1      | 981 ||| READING scroll labelled MOUNIA YNEALU.
   982 | D:1      | 982 ||| READING scroll labelled UFERCH AMEHERCH.
   983 | D:1      | 983 ||| READING scroll labelled TYEXKI AVU WIA.
   984 | D:1      | 984 ||| DRINKING 2 coppery potions.
   984 | D:1      | Gained mutation: You are partially covered in iridescent
                  | scales. (AC +2) [potion of mutation]
  1021 | D:2      | Noticed Sigmund
  1022 | D:2      | 1022 ||| Stepping ~*~*~tactically~*~*~ (stealth).
  1023 | D:2      | 1023 ||| Stepping ~*~*~tactically~*~*~ (stealth).
  1026 | D:2      | 1026 ||| Stepping ~*~*~tactically~*~*~ (hiding).
  1041 | D:2      | Killed Sigmund
  1042 | D:2      | Reached skill level 5 in Axes
  1042 | D:2      | Reached XP level 4. HP: 11/28 MP: 4/4
  1042 | D:2      | Reached XP level 5. HP: 13/32 MP: 5/5
  1042 | D:2      | HP: 6/32 [frozen (5)]
  1043 | D:2      | 1043 ||| READING scroll of teleportation.
  1057 | D:2      | HP: 7/32 [adder (2)]
  1217 | D:2      | 1217 ||| Stepping ~*~*~tactically~*~*~ (stealth).
  1254 | D:2      | 1254 ||| Stepping ~*~*~tactically~*~*~ (hiding).
  1276 | D:2      | Reached XP level 6. HP: 22/38 MP: 6/6
  1488 | D:2      | Reached skill level 1 in Dodging
  1590 | D:2      | 1590 ||| Stepping ~*~*~tactically~*~*~ (stealth).
  1593 | D:2      | 1593 ||| Stepping ~*~*~tactically~*~*~ (stealth).
  1626 | D:2      | Found a faded altar of an unknown god.
  1632 | D:2      | 1632 ||| Stepping ~*~*~tactically~*~*~ (stealth).
  1668 | D:2      | Noticed Terence
  1683 | D:2      | Killed Terence
  1696 | D:2      | 1696 ||| DROPPING +0 mace.
  1735 | D:2      | 1735 ||| UPGRADING to +0 chain mail.
  1745 | D:2      | 1745 ||| DROPPING +0 scale mail.
  1746 | D:2      | 1746 ||| UPGRADING to +3 scale mail of willpower.
  1756 | D:2      | 1756 ||| UPGRADING to +6 ring of dexterity.
  1757 | D:2      | 1757 ||| UPGRADING to ring of willpower.
  1758 | D:2      | 1758 ||| READING scroll labelled MUTZIZ BAR WEO.
  1759 | D:2      | 1759 ||| READING 2 scrolls labelled IRPHUI VUNI.
  1760 | D:2      | 1760 ||| READING scroll labelled FAGIST GEREST.
  1761 | D:2      | 1761 ||| DROPPING scroll of fog.
  1868 | D:3      | 1868 ||| Stepping ~*~*~tactically~*~*~ (hiding).
  1885 | D:3      | 1885 ||| Stepping ~*~*~tactically~*~*~ (stealth).
  1888 | D:3      | 1888 ||| Stepping ~*~*~tactically~*~*~ (stealth).
  1975 | D:3      | Found a shadowy altar of Dithmenos.
  2106 | D:3      | 2106 ||| READING scroll of enchant weapon.
  2106 | D:3      | 2106 ||| ENCHANTING +2 war axe.
  2111 | D:3      | 2111 ||| Stepping ~*~*~tactically~*~*~ (stealth).
  2184 | D:3      | Found Eppipna's Assorted Antiques.
  2193 | D:3      | 2193 ||| BUYING grey potion (23 gold).
  2193 | D:3      | Bought a grey potion for 23 gold pieces
  2193 | D:3      | 2193 ||| BUYING ruby potion (23 gold).
  2193 | D:3      | Bought a ruby potion for 23 gold pieces
  2193 | D:3      | 2193 ||| BUYING scroll labelled YGAISTRIUHAV (26 gold).
  2193 | D:3      | Bought a scroll labelled YGAISTRIUHAV for 26 gold pieces
  2435 | D:3      | 2435 ||| READING scroll labelled DIOLUTHYARU.
  2436 | D:3      | 2436 ||| READING scroll labelled YGAISTRIUHAV.
  2437 | D:3      | 2437 ||| READING scroll labelled FIOCEG MIWEI.
  2438 | D:3      | 2438 ||| DRINKING 2 grey potions.
  2439 | D:3      | 2439 ||| DRINKING 2 murky coppery potions.
  2440 | D:3      | 2440 ||| DROPPING potion of invisibility.
  2576 | D:4      | 2576 ||| Stepping ~*~*~tactically~*~*~ (hiding).
  2580 | D:4      | Noticed a black bear
  2595 | D:4      | Killed a black bear
  2596 | D:4      | Reached skill level 6 in Axes
  2596 | D:4      | Reached XP level 7. HP: 39/43 MP: 7/7
  2777 | D:4      | 2777 ||| Stepping ~*~*~tactically~*~*~ (stealth).
  3304 | D:4      | 3304 ||| DROPPING +6 ring of intelligence.
  3305 | D:4      | 3305 ||| DRINKING 2 bubbling white potions.
  3306 | D:4      | 3306 ||| DROPPING potion of flight.
  3354 | D:5      | Entered Level 5 of the Dungeon
  3390 | D:5      | Reached skill level 7 in Axes
  3412 | D:5      | Found a staircase to the Ecumenical Temple.
  3413 | D:5      | 3413 ||| PLANNING TEMPLE
  3421 | Temple   | Entered the Ecumenical Temple
  3422 | Temple   | 3422 ||| PLANNING OKAWARU WORSHIP
  3503 | Temple   | Became a worshipper of Warmaster Okawaru
  3503 | Temple   | 3503 ||| PLANNING D:1-11
  3658 | D:5      | 3658 ||| Stepping ~*~*~tactically~*~*~ (hiding).
  3897 | D:5      | 3897 ||| Stepping ~*~*~tactically~*~*~ (stealth).
  4264 | D:5      | 4264 ||| UPGRADING to +4 ring of slaying {mikee}.
  4266 | D:5      | 4266 ||| UPGRADING to +6 ring of dexterity.
  4268 | D:5      | 4268 ||| DROPPING ring of willpower.
  4269 | D:5      | 4269 ||| DRINKING 2 fuming black potions.
  4482 | D:6      | Found Emouled's Armour Shoppe.
  4488 | D:6      | 4488 ||| BUYING +0 cloak (54 gold).
  4488 | D:6      | Bought a +0 cloak for 54 gold pieces
  4491 | D:6      | Found a shimmering altar of Xom.
  4649 | D:6      | Reached XP level 8. HP: 48/50 MP: 8/8
  4653 | D:6      | 4653 ||| Stepping ~*~*~tactically~*~*~ (stealth).
  4656 | D:6      | 4656 ||| Stepping ~*~*~tactically~*~*~ (stealth).
  4657 | D:6      | 4657 ||| Stepping ~*~*~tactically~*~*~ (stealth).
  4876 | D:6      | 4876 ||| Stepping ~*~*~tactically~*~*~ (hiding).
  5214 | D:6      | Identified the +9 long sword of the Other Side {freeze,
                  | Will+}
  5305 | D:6      | 5305 ||| READING scroll of enchant weapon.
  5305 | D:6      | 5305 ||| ENCHANTING +3 war axe.
  5406 | D:6      | 5406 ||| DROPPING +0 chain mail.
  5407 | D:6      | 5407 ||| UPGRADING to +0 cloak.
  5412 | D:6      | 5412 ||| UPGRADING to +0 plate armour.
  5422 | D:6      | 5422 ||| DROPPING +3 scale mail of willpower.
  5423 | D:6      | 5423 ||| READING scroll labelled XAEPLARUJA.
  5524 | D:6      | 5524 ||| READING scroll labelled GIEMALIHAC.
  5525 | D:6      | 5525 ||| READING scroll labelled ULOEFIUFRO.
  5526 | D:6      | 5526 ||| READING 2 scrolls of identify.
  5526 | D:6      | 5526 ||| IDENTIFYING dark potion
  5527 | D:6      | 5527 ||| DROPPING potion of ambrosia.
  5586 | D:7      | Noticed Menkaure
  5587 | D:7      | 5587 ||| PLANNING OSSUARY
  5589 | D:7      | 5589 ||| STAIRDANCE
  5592 | D:6      | Killed Menkaure
  5592 | D:6      | Reached * piety under Okawaru
  5597 | D:6      | Reached skill level 1 in Invocations
  5661 | D:7      | 5661 ||| Stepping ~*~*~tactically~*~*~ (hiding).
  5662 | D:7      | 5662 ||| Stepping ~*~*~tactically~*~*~ (hiding).
  5663 | D:7      | 5663 ||| INVOKING Heroism.
  5702 | D:7      | Reached skill level 3 in Invocations
  5702 | D:7      | Reached XP level 9. HP: 54/54 MP: 9/11
  5777 | D:7      | 5777 ||| Stepping ~*~*~tactically~*~*~ (hiding).
  5834 | D:7      | 5834 ||| INVOKING Heroism.
  5845 | D:7      | Reached skill level 8 in Axes
  5882 | D:7      | 5882 ||| Stepping ~*~*~tactically~*~*~ (hiding).
  6023 | D:7      | 6023 ||| Stepping ~*~*~tactically~*~*~ (stealth).
  6030 | D:7      | Reached skill level 6 in Fighting
  6250 | D:7      | Found a sand-covered staircase.
  6260 | D:7      | 6260 ||| DRINKING 2 ruby potions.
  6261 | D:7      | 6261 ||| READING 2 scrolls of identify.
  6261 | D:7      | 6261 ||| IDENTIFYING green potion
  6267 | Ossuary  | Entered an ossuary
  6412 | Ossuary  | Reached ** piety under Okawaru
  6456 | Ossuary  | Reached skill level 9 in Axes
  6536 | Ossuary  | 6536 ||| READING 2 scrolls of identify.
  6536 | Ossuary  | 6536 ||| IDENTIFYING cyan potion
  6595 | D:7      | 6595 ||| PLANNING D:1-11
  6747 | D:8      | Identified the +0 pair of boots of Resilience {Will+ Int+3
                  | Stlth+}
  6786 | D:8      | Reached skill level 6 in Armour
  6787 | D:8      | 6787 ||| INVOKING Heroism.
  6792 | D:8      | Noticed a komodo dragon
  6794 | D:8      | 6794 ||| Stepping ~*~*~tactically~*~*~ (hiding).
  6795 | D:8      | 6795 ||| Stepping ~*~*~tactically~*~*~ (hiding).
  6801 | D:8      | 6801 ||| DRINKING 7 potions of curing.
  6801 | D:8      | 6801 ||| (to cure confusion)
  6805 | D:8      | 6805 ||| INVOKING Heroism.
  6811 | D:8      | Killed a komodo dragon
  6812 | D:8      | Reached XP level 10. HP: 38/63 MP: 10/13
  6945 | D:8      | Found a snail-covered altar of Cheibriados.
  7139 | D:8      | Noticed Maurice
  7168 | D:8      | Killed Maurice
  7168 | D:8      | Reached *** piety under Okawaru
  7231 | D:8      | Found a staircase to the Lair.
  7232 | D:8      | 7232 ||| INVOKING Heroism.
  7337 | D:8      | 7337 ||| PLANNING LAIR
  7337 | D:8      | 7337 ||| UPGRADING to +0 pair of boots of Resilience {Will+
                  | Int+3 Stlth+}.
  7342 | D:8      | 7342 ||| DROPPING amulet of magic regeneration.
  7391 | Lair:1   | Entered Level 1 of the Lair of Beasts
  7403 | Lair:1   | Noticed a black mamba
  7404 | Lair:1   | 7404 ||| INVOKING Heroism.
  7410 | Lair:1   | Killed a black mamba
  7411 | Lair:1   | Reached skill level 10 in Axes
  7417 | Lair:1   | Noticed a cane toad
  7426 | Lair:1   | Killed a cane toad
  7435 | Lair:1   | 7435 ||| INVOKING Heroism.
  7519 | Lair:1   | 7519 ||| INVOKING Heroism.
  7570 | Lair:1   | You fall into a shaft and drop 1 floor!
  7571 | Lair:2   | 7571 ||| READING 2 scrolls of identify.
  7571 | Lair:2   | 7571 ||| IDENTIFYING smoky brown potion
  7572 | Lair:2   | 7572 ||| DROPPING potion of degeneration.
  7614 | Lair:1   | 7614 ||| INVOKING Heroism.
  7720 | Lair:1   | Noticed a torpor snail
  7721 | Lair:1   | 7721 ||| INVOKING Heroism.
  7729 | Lair:1   | Killed a torpor snail
  7762 | Lair:1   | 7762 ||| INVOKING Heroism.
  7800 | Lair:1   | Noticed Amaemon
  7801 | Lair:1   | 7801 ||| Stepping ~*~*~tactically~*~*~ (hiding).
  7802 | Lair:1   | 7802 ||| Stepping ~*~*~tactically~*~*~ (hiding).
  7805 | Lair:1   | 7805 ||| INVOKING Heroism.
  7806 | Lair:1   | Noticed an orange demon
  7815 | Lair:1   | Killed Amaemon
  7816 | Lair:1   | Reached skill level 11 in Axes
  7816 | Lair:1   | Reached XP level 11. HP: 49/68 MP: 12/14
  7821 | Lair:1   | Reached **** piety under Okawaru
  7887 | Lair:1   | 7887 ||| DROPPING +0 flail.
  7934 | Lair:1   | 7934 ||| Stepping ~*~*~tactically~*~*~ (stealth).
  7935 | Lair:1   | 7935 ||| Stepping ~*~*~tactically~*~*~ (stealth).
  8185 | Lair:1   | 8185 ||| Stepping ~*~*~tactically~*~*~ (stealth).
  8186 | Lair:1   | 8186 ||| INVOKING Heroism.
  8205 | Lair:1   | 8205 ||| Stepping ~*~*~tactically~*~*~ (stealth).
  8210 | Lair:1   | 8210 ||| INVOKING Heroism.
  8233 | Lair:1   | 8233 ||| Stepping ~*~*~tactically~*~*~ (stealth).
  8248 | Lair:1   | 8248 ||| INVOKING Heroism.
  8578 | Lair:1   | 8578 ||| UPGRADING to +0 pair of gloves.
  8583 | Lair:1   | 8583 ||| READING 3 scrolls of identify.
  8583 | Lair:1   | 8583 ||| IDENTIFYING amethyst potion
  8584 | Lair:1   | 8584 ||| READING 2 scrolls of identify.
  8584 | Lair:1   | 8584 ||| IDENTIFYING bubbling silvery potion
  8585 | Lair:1   | 8585 ||| DROPPING potion of brilliance.
  8687 | Lair:2   | 8687 ||| Stepping ~*~*~tactically~*~*~ (hiding).
  8706 | Lair:2   | 8706 ||| INVOKING Heroism.
  8820 | Lair:2   | Found a staircase to the Snake Pit.
  8843 | Lair:2   | Reached skill level 9 in Fighting
  8843 | Lair:2   | Reached skill level 6 in Invocations
  8936 | Lair:2   | Noticed Maggie
  8937 | Lair:2   | 8937 ||| Stepping ~*~*~tactically~*~*~ (hiding).
  8938 | Lair:2   | 8938 ||| Stepping ~*~*~tactically~*~*~ (hiding).
  8948 | Lair:2   | Killed Maggie
  8968 | Lair:2   | Noticed a six-headed hydra
  8969 | Lair:2   | 8969 ||| INVOKING Heroism.
  8975 | Lair:2   | 8975 ||| SWAPPING to +0 demon whip of venom.
  8979 | Lair:2   | Killed a six-headed hydra
  8980 | Lair:2   | 8980 ||| SWAPPING to +4 war axe.
  9035 | Lair:2   | 9035 ||| Stepping ~*~*~tactically~*~*~ (stealth).
  9036 | Lair:2   | 9036 ||| Stepping ~*~*~tactically~*~*~ (stealth).
  9042 | Lair:2   | 9042 ||| Stepping ~*~*~tactically~*~*~ (stealth).
  9043 | Lair:2   | 9043 ||| Stepping ~*~*~tactically~*~*~ (stealth).
  9068 | Lair:2   | 9068 ||| INVOKING Heroism.
  9304 | Lair:2   | 9304 ||| INVOKING Heroism.
  9453 | Lair:2   | Noticed a skyshark
  9454 | Lair:2   | 9454 ||| Stepping ~*~*~tactically~*~*~ (stealth).
  9467 | Lair:2   | Killed a skyshark
  9468 | Lair:2   | Reached skill level 9 in Armour
  9790 | Lair:2   | 9790 ||| READING scroll labelled NOMUDU ERRAE.
  9791 | Lair:2   | 9791 ||| READING 2 scrolls of identify.
  9791 | Lair:2   | 9791 ||| IDENTIFYING bubbling dark potion
  9878 | Lair:3   | 9878 ||| INVOKING Heroism.
  9920 | Lair:3   | Found a staircase to the Swamp.
  9979 | Lair:3   | 9979 ||| INVOKING Heroism.
  9997 | Lair:3   | Noticed a death yak
  9997 | Lair:3   | Noticed a death yak
  9998 | Lair:3   | 9998 ||| Stepping ~*~*~tactically~*~*~ (stealth).
  9999 | Lair:3   | Noticed a death yak
 10006 | Lair:3   | Noticed a death yak
 10013 | Lair:3   | Killed a death yak
 10016 | Lair:3   | Killed a death yak
 10017 | Lair:3   | 10017 ||| INVOKING Heroism.
 10020 | Lair:3   | Noticed a lindwurm
 10022 | Lair:3   | Killed a death yak
 10023 | Lair:3   | Reached XP level 12. HP: 22/76 MP: 14/18
 10030 | Lair:3   | HP: 19/76 [lindwurm (5)]
 10031 | Lair:3   | 10031 ||| READING 8 scrolls of teleportation.
 10031 | Lair:3   | Mangled by a death yak

Levels and vault maps discovered:
D:1:      enne_arrival_octagon_isle, layout_loops_ring
D:2:      layout_basic, hellmonk_ecumenical_altar_heavens_door, uniq_sigmund,
          uniq_terence
D:3:      layout_loops_ring, mainiacjoe_overflow_catwalk, serial_shops, shop,
          guppyfry_early_orc_mine
D:4:      layout_basic
D:5:      layout_basic, minmay_temple_entry_arrows
D:6:      layout_loops_corners, mainiacjoe_overflow_small_starburst,
          serial_shops, nicolae_shop_waterfront
D:7:      layout_cave_pools, gup_ossuary_entry_pyramid, uniq_menkaure
D:8:      layout_rooms, mainiacjoe_overflow_boulevard,
          grunt_lair_entry_orc_guard_hut, uniq_maurice
Temple:   compressed_dpeg_circular_temple
Lair:1:   layout_regular_city, minivault_24, serial_bayou_crossing, uniq_amaemon
Lair:2:   layout_cave_pods, minmay_snake_entry_guardpost_medium,
          serial_bayou_pond_a, minivault_24, minmay_stone_trees_small,
          kennysheep_abandoned_house, serial_bayou_shore_b, uniq_maggie
Lair:3:   layout_regular_city, swamp_mist, serial_rivers,
          chequers_serial_rivers_room_a, chequers_serial_rivers_room_b,
          chequers_serial_rivers_micro_c, chequers_serial_rivers_large_b,
          uniq_nessos

Skill      XL: |  1  2  3  4  5  6  7  8  9 10 11 |
---------------+----------------------------------+-----
Axes           | 2 3 5 6 7 9 11 | 11.7
Fighting       | 4 5 7 8 9 |  9.0
Dodging        | 1 2 |  2.4
Throwing       | 2 |  2.0
Armour         | 5 6 7 9 |  9.2
Invocations    | 3 4 8 |  8.2
Shields        | 4 5 |  5.1

Action                     |  1- 3 |  4- 6 |  7- 9 | 10-12 || total
---------------------------+-------+-------+-------+-------++-------
  Melee: War axe           |    98 |   123 |   248 |   205 ||   674
         Demon whip        |       |       |       |     4 ||     4
  Throw: Boomerang         |       |     6 |    46 |    82 ||   134
 Invoke: Heroism           |       |       |     4 |    18 ||    22
    Use: Scroll            |     6 |     8 |     7 |     6 ||    27
         Potion            |     1 |     2 |     4 |       ||     7
 Armour: Scale mail        |    50 |    82 |    64 |       ||   196
         Plate armour      |       |       |    90 |   133 ||   223
  Dodge: Dodged            |    42 |    53 |    82 |    61 ||   238
  Block: Buckler           |    21 |    34 |    62 |    51 ||   168

Table legend:
 A = Non-vault XP
 B = Vault XP
 C = Vault XP percentage of total XP
 D = Non-vault monster count
 E = Vault monster count
 F = Vault count percentage of total count
                 A         B        C        D         E       F
            +---------+---------+-------+---------+---------+-------
      Total |   13256 |    5715 |  30.1 |     173 |      56 |  24.5
            +---------+---------+-------+---------+---------+-------
        D:1 |      41 |       0 |   0.0 |      24 |       0 |   0.0
        D:2 |     118 |     234 |  66.5 |      24 |       2 |   7.7
        D:3 |     116 |      17 |  12.8 |      15 |       7 |  31.8
        D:4 |     347 |       0 |   0.0 |      19 |       0 |   0.0
        D:5 |     180 |       0 |   0.0 |      11 |       0 |   0.0
        D:6 |     837 |     172 |  17.0 |      17 |       1 |   5.6
        D:7 |    1021 |      18 |   1.7 |      17 |       1 |   5.6
        D:8 |     708 |    1303 |  64.8 |      15 |       6 |  28.6
     Lair:1 |    4912 |    1200 |  19.6 |      18 |       2 |  10.0
     Lair:2 |    1647 |    2109 |  56.2 |       6 |      23 |  79.3
     Lair:3 |    3329 |       0 |   0.0 |       7 |       0 |   0.0
    Ossuary |       0 |     662 | 100.0 |       0 |      14 | 100.0
            +---------+---------+-------+---------+---------+-------
